 Dungeon Crawl Stone Soup version 0.26-a0-1181-gd376ed14c5 (webtiles) character file.

Game seed: 9488666273762096426

755 Marmelada02 the Sneak (level 7, -1/67 HPs)
             Began as a Naga Wanderer on Dec 25, 2020.
             Shot with a stone by a goblin (7 damage)
             ... on level 5 of the Dungeon.
             The game lasted 00:09:13 (6241 turns).

Marmelada02 the Sneak (Naga Wanderer)               Turns: 6241, Time: 00:09:14

Health: -1/67      AC:  8    Str: 13      XL:     7   Next: 79%
Magic:  7/7        EV:  9    Int: 14 (15) God:
Gold:   207        SH:  0    Dex:  6 (11) Spells: 6/6 levels left

rFire    . . .     SeeInvis +   a - +0 spear
rCold    . . .     Faith    .   (no shield)
rNeg     . . .     Spirit   .   b - +2 leather armour
rPois    +         Reflect  .   t - +2 helmet
rElec    .         Harm     .   (no cloak)
rCorr    .         Rampage  .   (no gloves)
Will     .....                  (no barding)
Stlth    ++++......             (no amulet)
HPRegen  0.21/turn              (no ring)
MPRegen  0.10/turn              (no ring)

@: very slow
A: large, stinger 1, camouflage 1, see invisible, deformed body, deterioration
1, poison resistance, slowness 2, spit poison 1, AC +2
a: Spit Poison


You were on level 5 of the Dungeon.
You visited 1 branch of the dungeon, and saw 5 of its levels.

You collected 272 gold pieces.
You spent 65 gold pieces at shops.

Inventory:

Hand Weapons
 a - a +0 spear (weapon)
 d - a +0 dagger
Missiles
 f - 212 stones (quivered)
Armour
 b - a +2 leather armour (worn)
 t - a +2 helmet (worn)
Jewellery
 h - a +6 ring of strength {unknown}
 i - an uncursed ring of protection from cold {unknown}
Wands
 g - a wand of digging (3)
 n - a wand of flame (23)
Scrolls
 e - 4 scrolls of identify {unknown}
 k - 2 scrolls of remove curse {unknown}
 m - 2 scrolls of teleportation {unknown}
 p - 2 scrolls of magic mapping {unknown}
 r - a scroll of enchant weapon {unknown}
 s - a scroll of fear {unknown}
 u - a scroll of amnesia {unknown}
Potions
 c - a potion of curing
 j - a potion of might
 o - 2 potions of mutation


   Skills:
 + Level 5.1 Fighting
 * Level 6.6 Polearms
 - Level 1.0 Crossbows
 - Level 1.0 Dodging
 + Level 7.1 Stealth


You had 6 spell levels left.
You didn't know any spells.
Your spell library contained the following spells:

 Spells                   Type           Power        Failure   Level
 Confusing Touch          Hex            0%           73%         3
 Gell's Gravitas          Tloc           0%           73%         3
 Petrify                  Tmut/Erth      0%           98%         4
 Metabolic Englaciation   Hex/Ice        0%           100%        5
 Yara's Violent Unravell  Hex/Tmut       0%           100%        5


Dungeon Overview and Level Annotations

Branches:
Dungeon (5/15)
 Temple: D:4-7

Altars:
Ashenzari
Nemelex Xobeh

Shops:
D:4 (}*}   D:5 (

Annotations:
D:5 Dowan, Duvessa


Innate Abilities, Weirdness & Mutations

You cannot wear boots.
Your serpentine skin is tough. (AC +2)
You have supernaturally acute eyesight. (SInv)
Armour fits poorly on your strangely shaped body.
Your system is resistant to poisons. (rPois)
You cover ground very slowly.
You can spit poison.
Your tail ends in a poisonous barb.
Your skin changes colour to match your surroundings (Stealth+).
Your body sometimes deteriorates upon taking damage.


Message History

Aim: a goblin, wielding a +0 hunting sling and quivering 20 stones The splash of poison misses the hobgoblin.
The splash of poison hits the hobgoblin.
The hobgoblin is heavily wounded.
The hobgoblin hits you with a +0 club.
* * * LOW HITPOINT WARNING * * *
Unknown command.
Unknown command.
Okay, then.
You barely miss the hobgoblin.
A kobold comes into view. It is wielding a +0 short sword.
Okay, then.
Okay, then.
The hobgoblin hits you but does no damage.
You have got your breath back.
The hobgoblin barely misses you.
The goblin shoots a stone.
The stone hits you.
* * * LOW HITPOINT WARNING * * *
There is a large open door here.
The goblin shoots a stone.
The stone hits you!
You die...

.## #......####..........## ..#
#......# ###.........#
..########..#..#######......##.##
..............)..................
............)....................
≈≈≈≈≈..≈..≈..≈.)..≈≈.≈≈≈≈≈≈..≈..≈
≈≈≈≈≈≈≈≈≈≈≈≈≈.....≈≈≈≈≈≈≈≈≈≈≈≈≈≈≈
≈≈≈≈≈≈≈≈≈≈≈≈≈≈)....≈≈≈≈≈≈≈≈≈≈≈≈≈≈
≈≈≈≈≈≈≈≈≈≈≈≈≈...@.≈≈≈≈≈≈≈≈≈≈≈≈≈≈≈
###############g'################
#...g# ..... #..g.# ......
#########...g#########...(.(
.......#......#.....)....#
.......'...(.('.((.K.)...#
.......#......#....())...#
#########....#########......


You could see 2 hobgoblins and 2 goblins.

Vanquished Creatures
  A phantom (D:4)
  An ogre (D:5)
  A bullfrog (D:3)
  A big kobold (D:5)
  2 scorpions
  A quasit (D:5)
  An orc priest (D:4)
  2 worker ants
  A hound skeleton (D:4)
  A worker ant zombie (D:5)
  A gnoll (D:1)
  8 adders
  A white imp (D:5)
  An adder skeleton (D:4)
  2 worms
  3 dart slugs
  6 leopard geckos
  12 orcs
  3 ball pythons
  8 bats
  14 goblins
  12 hobgoblins
  6 jackals
  2 quokkas
  3 frilled lizards (D:2)
  11 kobolds
  6 rats
111 creatures vanquished.

Notes
Turn   | Place    | Note
-------+----------+-------------------------------------------
     0 | D:1      | Marmelada02 the Naga Wanderer began the quest for the Orb.
     0 | D:1      | Marmelada02 set off with the following items: a +0 spear, a
                  | +2 leather armour, a potion of lignification, a +0 dagger
     0 | D:1      | Reached XP level 1. HP: 21/21 MP: 1/1
   130 | D:1      | Reached XP level 2. HP: 23/28 MP: 2/2
   410 | D:1      | Reached XP level 3. HP: 29/34 MP: 3/3
   819 | D:2      | Reached skill level 4 in Stealth
   965 | D:2      | Reached XP level 4. HP: 37/42 MP: 4/4
  1681 | D:3      | Noticed a bullfrog
  1694 | D:3      | Killed a bullfrog
  1695 | D:3      | Reached XP level 5. HP: 22/50 MP: 5/5
  1706 | D:3      | Reached skill level 5 in Stealth
  2524 | D:3      | Reached skill level 5 in Polearms
  2734 | D:3      | Reached XP level 6. HP: 32/57 MP: 6/6
  3019 | D:3      | Found a sparkling altar of Nemelex Xobeh.
  3187 | D:4      | Noticed a phantom
  3225 | D:4      | Killed a phantom
  3226 | D:4      | Reached skill level 6 in Stealth
  3229 | D:4      | HP: 2/58 [poisoned by a scorpion]
  3236 | D:4      | HP: 1/58 [poisoned by a scorpion]
  3244 | D:4      | HP: 1/58 [poisoned by a scorpion]
  3785 | D:4      | Gained mutation: Your body sometimes deteriorates upon
                  | taking damage. [potion of mutation]
  3785 | D:4      | Gained mutation: Your skin changes colour to match your
                  | surroundings (Stealth+). [potion of mutation]
  3785 | D:4      | Gained mutation: Your tail ends in a poisonous barb.
                  | [potion of mutation]
  4017 | D:4      | Reached XP level 7. HP: 66/66 MP: 7/7
  4152 | D:4      | Found Hoesh's Weapon Shoppe.
  4155 | D:4      | Found Setirr's General Store.
  4155 | D:4      | Found Olyucs's Gadget Shoppe.
  4155 | D:4      | Found Oppil's Gadget Shoppe.
  4163 | D:4      | Bought a potion of heal wounds for 65 gold pieces
  5048 | D:5      | Entered Level 5 of the Dungeon
  5343 | D:5      | Found Oxigrairal's Antique Weapon Emporium.
  5722 | D:5      | Found a broken altar of Ashenzari.
  5907 | D:5      | Noticed Duvessa
  5907 | D:5      | Noticed Dowan
  6024 | D:5      | Reached skill level 5 in Fighting
  6206 | D:5      | HP: 5/100 [ogre/+0 giant club (16)]
  6209 | D:5      | Reached skill level 7 in Stealth
  6241 | D:5      | Shot with a stone by a goblin

Illustrated notes

Levels and vault maps discovered:
D:1:      elethiomel_arrival_fortress_basement, layout_basic
D:2:      layout_basic
D:3:      minmay_evil_eye, layout_basic, nemelex_diamond_rough_becter
D:4:      layout_layer_cave, okawaru_altar_gauntlet_db, minmay_shop_grid_forest
D:5:      minmay_goblin_kobold_castle, layout_cave_pods, serial_shops,
          kennysheep_mini, cheibrodos_ashenzari_chains, uniq_duvessa

Skill      XL: |  1  2  3  4  5  6  7 |
---------------+----------------------+-----
Stealth        | 4 5 6 7 |  7.1
Polearms       | 4 5 6 |  6.6
Fighting       | 4 5 |  5.1
Crossbows      | |  1.0
Dodging        | |  1.0

Action                   |  1- 3 |  4- 6 |  7- 9 || total
-------------------------+-------+-------+-------++-------
Melee: Spear             |    85 |   264 |   191 ||   540
       Tailslap          |       |     1 |     7 ||     8
Throw: Stone             |     1 |     1 |     5 ||     7
 Abil: Spit Poison       |    19 |    19 |    17 ||    55
  Use: Potion            |       |     6 |     3 ||     9
 Stab: Sleeping          |     1 |     7 |     1 ||     9
       Distracted        |       |     1 |     1 ||     2
Armor: Leather armour    |    33 |    75 |    63 ||   171
       Skin              |       |    23 |    44 ||    67
Dodge: Dodged            |    40 |   114 |   108 ||   262

Table legend: (Time is in decaauts)
 A = Elapsed time spent in this place.
 B = Non-inter-level travel time spent in this place.
 C = Inter-level travel time spent in this place.
 D = Time resting spent in this place.
 E = Time spent auto-exploring this place.
 F = Levels seen in this place.
 G = Mean time per level.
                   A        B        C        D        E       F      G
               +--------+--------+--------+--------+--------+-----+--------+
         Total |   7493 |   7029 |    464 |   1414 |   4508 |   5 | 1498.6 |
       Dungeon |   7493 |   7029 |    464 |   1414 |   4508 |   5 | 1498.6 |
               +--------+--------+--------+--------+--------+-----+--------+

Top non-repeatable levels by time:
     D:3: 2094 daAuts
     D:4: 2059 daAuts
     D:5: 1373 daAuts
     D:1: 998 daAuts
     D:2: 968 daAuts
